AoeStats
← frbbehrens

Oasis

509939557Analyzed
2v2 RM · 2d ago on Sep 28, 2026· 48m 48s· 4 players
Game mode
Random Map
Map size
Medium (4 player)
Population
200
Speed
Normal
Resources
Standard
Victory
Conquest
Starting age
Dark Age
Ending age
Imperial Age
RankedLock teamsTeams togetherTeam positionsShared explorationLock speedFull tech treeHidden civsTurbo modeCheats
Victory
Defeat
🇬🇧 Varangians · United Kingdom
916
+18
🇺🇸 Britons · United States
896
+18
🇨🇿 Vietnamese · Czechia
962
-18
🇨🇿 Khmer · Czechia
938
-18
jaykablooey27
2:55 Loom
11:22 Feudal Age
11:52 Double-Bit Axe
11:52 Horse Collar
17:29 Castle Age
18:36 Crossbowman
20:01 Fletching
20:21 Forging
22:34 Heavy Plow
23:41 Ballistics
23:47 Pikeman
25:08 Bow Saw
25:50 Bodkin Arrow
27:16 Scale Mail Armor
30:04 Iron Casting
29:44 Chain Mail Armor
33:33 Imperial Age
31:18 Padded Archer Armor
31:03 Elite Skirmisher
34:36 Bracer
35:38 Blast Furnace
34:02 Arbalester
35:24 Warwolf
36:59 Chemistry
37:34 Plate Mail Armor
37:16 Halberdier
41:30 Leather Archer Armor
47:23 Ring Archer Armor
46:58 Onager
frbbehrens
7:20 Loom
9:37 Feudal Age
12:46 Horse Collar
20:07 Castle Age
18:44 Double-Bit Axe
19:46 Wheelbarrow
24:12 Hand Cart
24:22 Arson
24:40 Squires
27:33 Bow Saw
27:13 Town Watch
29:41 Gambesons
32:16 Forging
32:06 Scale Mail Armor
32:01 Fletching
31:36 Elite Skirmisher
35:04 Heavy Plow
37:52 Imperial Age
36:52 Bodkin Arrow
37:08 Forging
37:14 Chain Mail Armor
38:55 Conscription
38:01 Elite Varangian Guard
39:21 Iron Casting
38:47 Bracer
38:48 Padded Archer Armor
41:43 Blast Furnace
41:13 Plate Mail Armor
43:44 Padded Archer Armor
44:03 Gothikon
45:08 Ballistics
45:49 Chemistry
44:55 Siege Engineers
rascal33
8:28 Loom
14:03 Feudal Age
17:24 Double-Bit Axe
20:35 Castle Age
21:16 Elite Skirmisher
22:18 Horse Collar
24:35 Fletching
28:25 Crossbowman
29:18 Thumb Ring
30:13 Town Watch
35:48 Imperial Age
33:38 Heavy Plow
34:17 Wheelbarrow
34:21 Padded Archer Armor
34:32 Forging
35:46 Hand Cart
36:13 Ballistics
36:01 Gold Mining
36:01 Stone Mining
36:27 Bow Saw
37:49 Chemistry
37:13 Imperial Skirmisher
37:53 Bodkin Arrow
41:44 Pikeman
42:25 Squires
43:40 Siege Engineers
43:31 Murder Holes
43:44 Siege Engineers
43:13 Crossbowman
43:37 Elite Rattan Archer
lukasspac
0:27 Loom
11:52 Feudal Age
17:48 Castle Age
16:30 Double-Bit Axe
16:39 Stone Mining
16:45 Horse Collar
19:19 Bow Saw
19:27 Town Watch
21:04 Heavy Plow
21:50 Wheelbarrow
21:31 Gold Mining
25:01 Fletching
28:15 Caravan
32:35 Imperial Age
31:10 Gold Shaft Mining
31:40 Hand Cart
31:28 Town Patrol
31:37 Scale Barding Armor
31:41 Husbandry
34:06 Conscription
34:37 Crop Rotation
35:01 Bloodlines
35:09 Forging
35:06 Light Cavalry
37:00 Double Crossbow
38:13 Chemistry
38:56 Chain Barding Armor
41:51 Plate Barding Armor
43:09 Hussar
48:22 Iron Casting
Connection lost

Rejoining the realm…

Still unreachable

The connection could not be restored.

Session expired

The server has moved on; the page needs a fresh start.